[Event "Early-Titled-Tuesday-Blitz-March-19-2024"]
[Site "Chess.com"]
[Date "2024.03.19"]
[Round "1"]
[White "Shahdad2007"]
[Black "shirovin"]
[Result "1-0"]
[WhiteElo "2587"]
[BlackElo "2049"]
[TimeControl "180+1"]
[EndTime "8:06:12 PDT"]
[Termination "Shahdad2007 won on time"]

1. e4 d6 2. d4 Nf6 3. Nc3 e5 4. Nf3 Nbd7 5. Bc4 Be7 6. Rg1 O-O 7. g4 exd4 8. Nxd4 Ne5 9. Be2 c5 10. Nf5 Bxf5 11. gxf5 Kh8 12. Be3 b5 13. Bxb5 Rb8 14.
a4 a6 15. Bxa6 Rxb2 16. Be2 Qa5 17. Bd2 Qa7 18. a5 Rd8 19. a6 d5 20. Qc1 Rb4 21. exd5 Rh4 22. Bf4 Nxd5 23. Bxe5 Nxc3 24. Bxg7+ Kg8 25.
Bxc3+ Kf8 26. Qe3 Rxh2 27. Bg7+ Ke8 28. f6 Rd6 29. Qxe7+ Qxe7 30. fxe7 Re6 31. a7 Rg6 32. a8=Q+ Kxe7 33. Ra7+ Ke6 34. Qe4+ Kd6 35. Be5+ 1-0

[Event "Early-Titled-Tuesday-Blitz-March-19-2024"]
[Site "Chess.com"]
[Date "2024.03.19"]
[Round "1"]
[White "KNVB"]
[Black "Al_Shima"]
[Result "1-0"]
[WhiteElo "2823"]
[BlackElo "2450"]
[TimeControl "180+1"]
[EndTime "8:06:13 PDT"]
[Termination "KNVB won by resignation"]

1. d4 Nf6 2. Bf4 e6 3. e3 d5 4.
Nf3 Bd6 5. Nbd2 Bxf4 6. exf4 c5 7.
dxc5 Qc7 8. g3 Qxc5 9. Bd3 O-O 10. O-O Nc6 11. c3 b6 12. Re1 Bb7 13. Qe2 Rad8 14.
Nb3 Qd6 15. Nbd4 Rfe8 16. Nxc6 Bxc6 17. Nd4 Nd7 18. Rad1 h6 19. h4 Rc8 20. Ba6 Rc7 21. c4 Nf6 22. Nxc6 Rxc6 23. Bb5 Rec8 24. Bxc6 Rxc6 25.
cxd5 Nxd5 26. f5 Qe7 27. Rxd5 1-0

[Event "Early-Titled-Tuesday-Blitz-March-19-2024"]
[Site "Chess.com"]
[Date "2024.03.19"]
[Round "1"]
[White "the_chess_child"]
[Black "AA95"]
[Result "1-0"]
[WhiteElo "2863"]
[BlackElo "2490"]
[TimeControl "180+1"]
[EndTime "8:06:14 PDT"]
[Termination "the_chess_child won on time"]

1. e4 e5 2. Nf3 Nf6 3. d3 Nc6 4. g3 Bc5 5. Bg2 d6 6. O-O Bg4 7. h3 Bxf3 8. Bxf3 Qd7 9. Bg2 h6 10.
c3 a5 11. a4 O-O 12. Kh2 d5 13. exd5 Nxd5 14. Nd2 Kh8 15. Nc4 Rae8 16. Qh5 Re6 17. Bd2 f5 18. Rae1 e4 19. dxe4 Nf6 20. Qxf5 Nxe4 21.
Qg4 Nxd2 22. Nxd2 Rfe8 23. Ne4 Bf8 24. f4 R6e7 25. f5 Ne5 26. Qh4 Nd3 27. Rd1 Qxa4 28. Rxd3 Rxe4 29. Bxe4 Rxe4 30. Qd8 Qc2+ 31. Rd2 Re2+ 32.
Rxe2 Qxe2+ 33. Kg1 Qe3+ 34. Kg2 Qe4+ 35. Rf3 Qe2+ 36. Rf2 Qe4+ 37. Kh2 1-0

[Event "Early-Titled-Tuesday-Blitz-March-19-2024"]
[Site "Chess.com"]
[Date "2024.03.19"]
[Round "1"]
[White "CSB7"]
[Black "Laico"]
[Result "1-0"]
[WhiteElo "2780"]
[BlackElo "2426"]
[TimeControl "180+1"]
[EndTime "8:06:14 PDT"]
[Termination "CSB7 won on time"]

1. e4 e6 2. d4 d5 3. Nc3 Nf6 4. Bg5 Be7 5. e5 Nfd7 6. Bxe7 Qxe7 7. f4 O-O 8. Nf3 c5 9. Bd3 f6 10. O-O cxd4 11. Nb5 Nc6 12. Qe2 fxe5 13. fxe5 a6 14.
Nbxd4 Ndxe5 15. Nxe5 Nxd4 16. Bxh7+ Kxh7 17. Qh5+ Kg8 18. Ng6 Nf3+ 19. Kh1 Qh4 20. Qxh4 Nxh4 21. Rxf8+ Kh7 22.
Nxh4 Bd7 23. Rxa8 1-0

[Event "Early-Titled-Tuesday-Blitz-March-19-2024"]
[Site "Chess.com"]
[Date "2024.03.19"]
[Round "1"]
[White "Mikasinski"]
[Black "Niilo1"]
[Result "1-0"]
[WhiteElo "2654"]
[BlackElo "2299"]
[TimeControl "180+1"]
[EndTime "8:06:14 PDT"]
[Termination "Mikasinski won by checkmate"]

1. e4 e5 2. Nf3 Nc6 3. Nc3 Nf6 4.
Bb5 Nd4 5. Nxd4 exd4 6. e5 dxc3 7. exf6 Qxf6 8. dxc3 Qe5+ 9. Be2 d5 10. Be3 Bd6 11. Qd2 O-O 12. O-O-O c6 13. Kb1 Be6 14. h4 a5 15. h5 h6 16. g3 Qf6 17. f4 b5 18.
g4 b4 19. g5 bxc3 20. gxf6 cxd2 21. Rhg1 g6 22. Bd3 Kh7 23. hxg6+ fxg6 24. Rxg6 Rg8 25. Rg7+ Kh8 26. Rh7# 1-0

[Event "Early-Titled-Tuesday-Blitz-March-19-2024"]
[Site "Chess.com"]
[Date "2024.03.19"]
[Round "1"]
[White "Louis-Paulsen-Fan"]
[Black "Aswathchess"]
[Result "1-0"]
[WhiteElo "2277"]
[BlackElo "2617"]
[TimeControl "180+1"]
[EndTime "8:06:14 PDT"]
[Termination "Louis-Paulsen-Fan won by resignation"]

1. d4 Nf6 2. Nf3 c5 3. d5 e6 4.
c4 exd5 5. cxd5 d6 6. Nc3 g6 7. e4 Bg7 8. Be2 O-O 9. Bg5 Bg4 10. Nd2 Bxe2 11. Qxe2 h6 12. Bh4 Re8 13. O-O Nbd7 14. f4 a6 15. a4 Qc7 16. Rae1 Nb6 17. Qf3 Nfd7 18. Bg3 Bd4+ 19. Kh1 Bxc3 20. bxc3 Nxa4 21. e5 Nf8 22. Ne4 Nh7 23. Nxd6 Red8 24. f5 Ng5 25. Qg4 Nxc3 26. fxg6 fxg6 27. h4 Nh7 28. Rf7 Qxf7 29. Nxf7 Kxf7 30. Rf1+ Kg7 31. e6 Nxd5 32. Be5+ Ndf6 33. h5 g5 34. Qf5 1-0

[Event "Early-Titled-Tuesday-Blitz-March-19-2024"]
[Site "Chess.com"]
[Date "2024.03.19"]
[Round "1"]
[White "ExchangeAB"]
[Black "Sam_ChessMood"]
[Result "0-1"]
[WhiteElo "2527"]
[BlackElo "2946"]
[TimeControl "180+1"]
[EndTime "8:06:16 PDT"]
[Termination "Sam_ChessMood won by resignation"]

1. e4 e5 2. Nf3 Nc6 3. Bc4 Bc5 4. c3 Nf6 5. d3 d6 6. h3 a5 7. a4 h6 8. Nbd2 O-O 9. Nf1 Be6 10. Bxe6 fxe6 11.
Ng3 Qe8 12. O-O Bb6 13. d4 Qg6 14. Re1 Rae8 15. Be3 exd4 16. Bxd4 Nxd4 17. cxd4 e5 18. Qd3 exd4 19. Nxd4 Nd7 20. Ndf5 Ne5 21. Qd5+ Kh8 22. Qxb7 Qf6 23. Re2 g6 24. Ne3 Qg5 25. Rae1 Nd3 26. Rf1 Nxf2 27. Rfxf2 Bxe3 28. Nf1 Bxf2+ 29. Rxf2 Qc5 0-1

[Event "Early-Titled-Tuesday-Blitz-March-19-2024"]
[Site "Chess.com"]
[Date "2024.03.19"]
[Round "1"]
[White "Eagle_2019"]
[Black "Er_is_geen_hoop_meer"]
[Result "1-0"]
[WhiteElo "2861"]
[BlackElo "2482"]
[TimeControl "180+1"]
[EndTime "8:06:17 PDT"]
[Termination "Eagle_2019 won by checkmate"]

1. d4 Nf6 2. Bg5 d5 3. Nd2 Bf5 4. e3 e6 5. Ngf3 Bd6 6. Bd3 Bxd3 7. cxd3 h6 8. Bh4 O-O 9. O-O c5 10. Qb3 Qb6 11. Bxf6 gxf6 12. dxc5 Bxc5 13. Qc3 Nd7 14. Nb3 Be7 15. e4 dxe4 16. dxe4 Rac8 17. Qd2 Nc5 18. Qxh6 Nxb3 19. axb3 Qxb3 20. Ra5 b5 21. Rxa7 Bc5 22. Rb7 Qxb2 23. e5 fxe5 24. Qg5+ Kh7 25. Qh5+ Kg7 26. Nxe5 Kg8 27. Rxf7 Qxe5 28. Qh7# 1-0

[Event "Early-Titled-Tuesday-Blitz-March-19-2024"]
[Site "Chess.com"]
[Date "2024.03.19"]
[Round "1"]
[White "DvaHrasta"]
[Black "The_Machine04"]
[Result "1/2-1/2"]
[WhiteElo "2455"]
[BlackElo "2812"]
[TimeControl "180+1"]
[EndTime "8:06:22 PDT"]
[Termination "Game drawn by repetition"]

1. c4 d6 2. g3 e5 3. Bg2 g6 4. Nc3 Bg7 5. Nf3 Ne7 6. O-O c5 7. Ne1 Nbc6 8. Nc2 O-O 9. Ne3 a6 10. Ned5 Nxd5 11. Nxd5 Be6 12. d3 Rb8 13. a4 Ne7 14.
Bg5 f6 15. Nxe7+ Qxe7 16. Bd2 Rfd8 17. e4 b5 18. axb5 axb5 19. b3 Ra8 20. Qc2 b4 21.
Qb2 h5 22. Rxa8 Rxa8 23. Ra1 Qb7 24. h4 Ra6 25. Kh2 Qa7 26. Rxa6 Qxa6 27. Bh3 f5 28. Bc1 Kf7 29. Qe2 Qc8 30. exf5 Bxf5 31. Bxf5 Qxf5 32.
Kg2 Qe6 33. Qf3+ Bf6 34. Qb7+ Qe7 35. Qxe7+ Bxe7 36. Kf3 Ke6 37. Ke4 Bf6 38. Bd2 Bd8 39. Bc1 Be7 40. Bd2 Bf6 41. Bc1 Be7 42. Bd2 Bd8 43.
Bc1 Be7 1/2-1/2

[Event "Early-Titled-Tuesday-Blitz-March-19-2024"]
[Site "Chess.com"]
[Date "2024.03.19"]
[Round "1"]
[White "Lennis93"]
[Black "Escudito"]
[Result "1-0"]
[WhiteElo "2769"]
[BlackElo "2417"]
[TimeControl "180+1"]
[EndTime "8:06:23 PDT"]
[Termination "Lennis93 won on time"]

1. c4 e6 2. Nf3 d5 3. g3 c5 4. Bg2 Nc6 5. cxd5 exd5 6. O-O Nf6 7. d4 Be7 8. dxc5 Bxc5 9. a3 O-O 10. b4 Be7 11.
Bb2 Ne4 12. Nfd2 Bf6 13. Bxf6 Qxf6 14. Ra2 Bf5 15. e3 Rad8 16. b5 Ne5 17. Qa4 Nc5 18. Qxa7 Qd6 19. Qa5 b6 20. Qb4 Ned3 21. Qh4 h6 22.
Nc3 Be6 23. Raa1 Qe5 24. Ne2 Rfe8 25. Nd4 Bd7 26. N2f3 Qd6 27. a4 Ne4 28. Ne1 Nd2 29.
Nxd3 Nxf1 30. Bxf1 Re4 31. Qxd8+ 1-0

[Event "Early-Titled-Tuesday-Blitz-March-19-2024"]
[Site "Chess.com"]
[Date "2024.03.19"]
[Round "1"]
[White "IMchanged"]
[Black "Pakarma"]
[Result "1-0"]
[WhiteElo "2696"]
[BlackElo "2348"]
[TimeControl "180+1"]
[EndTime "8:06:23 PDT"]
[Termination "IMchanged won on time"]

1. e4 c5 2. b4 cxb4 3. a3 e5 4. Nf3 d6 5. axb4 Be6 6. d4 d5 7. Nxe5 dxe4 8. Bb5+ Nd7 9. d5 Bf5 10. g4 Qc7 11. Bb2 Bxb4+ 12. Kf1 Qb6 13. Qe2 f6 14. Nc4 Qxb5 15. Nd6+ Bxd6 16. Qxb5 Bxg4 17. Nc3 Bf3 18. Rg1 g5 19. Nxe4 Bxe4 20. Re1 O-O-O 21.
Rxe4 Ne7 22. Re6 1-0

[Event "Early-Titled-Tuesday-Blitz-March-19-2024"]
[Site "Chess.com"]
[Date "2024.03.19"]
[Round "1"]
[White "Goryachkina"]
[Black "IMSlavin"]
[Result "1/2-1/2"]
[WhiteElo "2654"]
[BlackElo "2325"]
[TimeControl "180+1"]
[EndTime "8:06:23 PDT"]
[Termination "Game drawn by repetition"]

1. e4 Nc6 2. Nc3 d6 3. Nf3 Nf6 4. d4 Bg4 5. Be3 a6 6. Be2 e5 7. d5 Ne7 8. Nd2 Bd7 9. O-O Ng6 10. Re1 Be7 11. a4 O-O 12. a5 h6 13. b4 Nh7 14.
b5 Bg5 15. bxa6 bxa6 16. Nf1 Nf4 17. Ng3 Nxe2+ 18. Qxe2 Bxe3 19. Qxe3 Rb8 20. Rab1 Rxb1 21. Rxb1 Qa8 22. h3 Rb8 23. Qd3 Rxb1+ 24. Nxb1 Qb7 25. Qb3 Qxb3 26. cxb3 Nf6 27. Nc3 Kf8 28. b4 Ke8 29. Kf1 Kd8 30. Ke2 Kc8 31. Kd3 Kb7 32. Kc4 h5 33. h4 g6 34. f3 c6 35. dxc6+ Kxc6 36.
Kd3 Be6 37. Nf1 Ne8 38. Ne3 Nc7 39. g4 Nb5 40. Nxb5 Kxb5 41. Kc3 Kc6 42. Kd3 Kb5 43. Kc3 Kc6 44. Kd3 Kb5 1/2-1/2

[Event "Early-Titled-Tuesday-Blitz-March-19-2024"]
[Site "Chess.com"]
[Date "2024.03.19"]
[Round "1"]
[White "BeautiFullMindChess"]
[Black "LeRoidesChampions"]
[Result "0-1"]
[WhiteElo "2304"]
[BlackElo "2657"]
[TimeControl "180+1"]
[EndTime "8:06:23 PDT"]
[Termination "LeRoidesChampions won on time"]

1. e4 e6 2. d4 d5 3. e5 c5 4. c3 Nc6 5. Nf3 Bd7 6. Bd3 Qb6 7. dxc5 Bxc5 8. O-O a5 9. Nbd2 a4 10. b4 axb3 11.
Nxb3 Ba3 12. Bf4 Nge7 13. Re1 Ng6 14. Bg3 Na5 15. Nbd4 Nc4 16. Rb1 Qa7 17. h4 Ne7 18. Qe2 Rc8 19. h5 h6 20. Rb3 Bc5 21. Reb1 Bxd4 22.
Nxd4 Bc6 23. Bh4 Qc5 24. Nxc6 Nxc6 25. Qg4 N4xe5 26. Qxg7 Qf8 27. Qg3 Rg8 28. Qe3 Qg7 29. Bg3 Ng4 30. Qe2 Nxf2 31. Qxf2 Qxg3 32. Bb5 Qxf2+ 33.
Kxf2 Rg5 0-1

[Event "Early-Titled-Tuesday-Blitz-March-19-2024"]
[Site "Chess.com"]
[Date "2024.03.19"]
[Round "1"]
[White "GMKrikor"]
[Black "ural58"]
[Result "1-0"]
[WhiteElo "2915"]
[BlackElo "2512"]
[TimeControl "180+1"]
[EndTime "8:06:25 PDT"]
[Termination "GMKrikor won by resignation"]

1. Nf3 Nc6 2. d4 d5 3. Bf4 Bg4 4. e3 e6 5. c4 Bd6 6. Bg3 Nf6 7.
Nc3 Ne7 8. Be2 dxc4 9. Bxc4 O-O 10. O-O Nf5 11. Bxd6 Nxd6 12. Be2 Qe7 13. Rc1 Rfd8 14. h3 Bf5 15. Ne5 Nde4 16. Nxe4 Bxe4 17. Qb3 b6 18. Nc6 Bxc6 19. Rxc6 Rd6 20. Qc4 Rxc6 21. Qxc6 Rd8 22. Rc1 Ne8 23. f4 a5 24. a3 Qd6 25.
Bf3 Kf8 26. Kf2 Ke7 27. Rc2 Qxc6 28. Bxc6 Nd6 29. Ke2 Rb8 30. g4 Kd8 31. Kd3 f6 32. e4 Nc8 33. e5 Ne7 34. Be4 fxe5 35. dxe5 g6 36. Ke3 c5 37. Rd2+ Kc7 38. Rd6 1-0

[Event "Early-Titled-Tuesday-Blitz-March-19-2024"]
[Site "Chess.com"]
[Date "2024.03.19"]
[Round "1"]
[White "Kiborg95"]
[Black "ArchibaldCerveza29"]
[Result "1-0"]
[WhiteElo "2793"]
[BlackElo "2430"]
[TimeControl "180+1"]
[EndTime "8:06:25 PDT"]
[Termination "Kiborg95 won by checkmate"]

1. e4 e5 2. Nf3 Nf6 3. d3 Nc6 4. c3 d5 5. Nbd2 Be7 6. Be2 O-O 7. O-O Re8 8. b4 a6 9. Bb2 h6 10. a4 Be6 11. b5 axb5 12. axb5 Na7 13. c4 dxe4 14.
dxe4 Bb4 15. Bxe5 Bxd2 16. Nxd2 c6 17. Bxf6 gxf6 18. Qc1 cxb5 19. cxb5 Qb6 20. Nf3 Nxb5 21. Rxa8 Rxa8 22. Qxh6 Nd4 23. Bd1 Nxf3+ 24. Bxf3 Qd4 25. h4 Bc4 26. Rd1 Qb6 27. e5 Ra2 28. exf6 Qxf2+ 29.
Kh2 Rd2 30. Qg7# 1-0

[Event "Early-Titled-Tuesday-Blitz-March-19-2024"]
[Site "Chess.com"]
[Date "2024.03.19"]
[Round "1"]
[White "ViktoriyaTarasova"]
[Black "GMAneta"]
[Result "0-1"]
[WhiteElo "2318"]
[BlackElo "2665"]
[TimeControl "180+1"]
[EndTime "8:06:25 PDT"]
[Termination "GMAneta won by resignation"]

1. d4 Nf6 2. c4 c5 3. d5 e6 4. Nc3 exd5 5. cxd5 d6 6. Nf3 g6 7. Bf4 a6 8. a4 Bg7 9. h3 O-O 10. e3 Nh5 11. Bh2 f5 12. Be2 Qe7 13. O-O Nd7 14. Re1 Rb8 15. Bf1 Ne5 16. Nxe5 Bxe5 17. Bxe5 Qxe5 18.
f4 Qe7 19. Qf3 Bd7 20. a5 b5 21. axb6 Rxb6 22. Rxa6 Rxb2 23. Ra7 Qd8 24. Rea1 Rc2 25. Ne2 Nf6 26. Ng3 Re8 27. h4 Ng4 28. Bd3 Rd2 29. e4 Rf2 30. Qxf2 Nxf2 31. Kxf2 Qf6 32. e5 dxe5 33.
Rxd7 exf4 34. Raa7 Qd4+ 35. Kf1 Qxd3+ 0-1

[Event "Early-Titled-Tuesday-Blitz-March-19-2024"]
[Site "Chess.com"]
[Date "2024.03.19"]
[Round "1"]
[White "enriquebutti"]
[Black "tetrix83"]
[Result "0-1"]
[WhiteElo "2157"]
[BlackElo "2606"]
[TimeControl "180+1"]
[EndTime "8:06:27 PDT"]
[Termination "tetrix83 won by resignation"]

1. d4 Nf6 2. Nf3 g6 3. c4 Bg7 4. Nc3 d6 5. Bg5 h6 6. Bh4 g5 7. Bg3 Nh5 8. e3 c5 9. d5 Nxg3 10. hxg3 Qb6 11. Qc2 Na6 12. a3 Bf5 13. e4 Bg4 14. Nd2 Qa5 15. Rc1 Nc7 16. Bd3 a6 17. Nb3 Qb6 18. O-O Qa7 19. Be2 Bd7 20. a4 O-O-O 21.
Bh5 Rdf8 22. Nd2 Qb6 23. Rb1 Qb4 24. Na2 Qxa4 25. b3 Qa3 26. Nc1 f5 27. Nd3 f4 28.
gxf4 gxf4 29. Nf3 Qa5 30. Nh4 Qc3 31. Qxc3 Bxc3 32. Ng6 Kd8 33. Nxh8 Bxh8 34. Nxf4 Rxf4 0-1

[Event "Early-Titled-Tuesday-Blitz-March-19-2024"]
[Site "Chess.com"]
[Date "2024.03.19"]
[Round "1"]
[White "esteban062000"]
[Black "Likvidator228"]
[Result "0-1"]
[WhiteElo "2149"]
[BlackElo "2604"]
[TimeControl "180+1"]
[EndTime "8:06:29 PDT"]
[Termination "Likvidator228 won by resignation"]

1. e4 c5 2. Nf3 g6 3. d4 cxd4 4.
Nxd4 Bg7 5. c4 Nc6 6. Nxc6 bxc6 7. Nc3 d6 8. Qa4 Bd7 9. Bd3 Nf6 10. O-O O-O 11.
Bd2 Rb8 12. Qc2 Qb6 13. b3 c5 14. f3 a5 15. Rab1 a4 16. bxa4 Qa6 17. a5 Rxb1 18.
Rxb1 Qxa5 19. Nb5 Qa6 20. Bc3 Bc6 21. a4 Nd7 22. Bxg7 Kxg7 23. Ra1 Qa5 24. Qb2+ f6 25. Nc3 Rb8 26. Qc1 Ne5 27. Bf1 Rb4 28. Nd5 Bxd5 29.
cxd5 Rxa4 30. Rb1 Rb4 31. Ra1 Qb6 32. Qa3 c4+ 33. Kh1 Rb1 34. Qa8 c3 35. Rxb1 Qxb1 0-1

[Event "Early-Titled-Tuesday-Blitz-March-19-2024"]
[Site "Chess.com"]
[Date "2024.03.19"]
[Round "1"]
[White "xakevicius91"]
[Black "vugarrasulov"]
[Result "0-1"]
[WhiteElo "2537"]
[BlackElo "2979"]
[TimeControl "180+1"]
[EndTime "8:06:30 PDT"]
[Termination "vugarrasulov won on time"]

1. e4 e5 2. Nf3 Nc6 3. d4 exd4 4. Nxd4 Qf6 5. Nf3 Bb4+ 6. c3 Bc5 7. Be2 d6 8. O-O Nge7 9. Nbd2 O-O 10. Qc2 Ng6 11.
b4 Bb6 12. Nc4 Nf4 13. Nxb6 axb6 14. Be3 Nxe2+ 15. Qxe2 Bg4 16. h3 Bxf3 17. Qxf3 Qxc3 18. b5 Nd4 19. Bxd4 Qxd4 20. Rac1 Rfc8 21. Rc2 c5 22. Rd1 Qa4 23. Rcd2 Qxb5 24. Rxd6 Qe8 25. e5 c4 26. Qxb7 c3 27. e6 fxe6 28. Re1 c2 29. Rd7 Qf8 30. Rc1 Kh8 31. Rf7 Qa3 32. Rxc2 Rxc2 33.
Rxg7 Qc1+ 34. Kh2 Qf4+ 35. Rg3 Rg8 36. Qxb6 Rxf2 0-1

[Event "Early-Titled-Tuesday-Blitz-March-19-2024"]
[Site "Chess.com"]
[Date "2024.03.19"]
[Round "1"]
[White "baki83"]
[Black "Slovineanu"]
[Result "1-0"]
[WhiteElo "2844"]
[BlackElo "2478"]
[TimeControl "180+1"]
[EndTime "8:06:30 PDT"]
[Termination "baki83 won by resignation"]

1. e4 e5 2. Nf3 Nc6 3. Bb5 a6 4.
Ba4 Bc5 5. c3 Nge7 6. d4 exd4 7.
cxd4 Bb4+ 8. Nc3 d5 9. exd5 Nxd5 10. O-O O-O 11. Bxc6 bxc6 12. Ne4 Bf5 13. Ng3 Bg6 14. Ne5 Qf6 15. Nd7 Qh4 16. Nxf8 Rxf8 17. h3 f5 18. Bd2 Bd6 19. Nh1 Qxd4 20. Bc3 Qf4 21. Ng3 Nxc3 22. bxc3 Qg5 23. Ne2 f4 24. Nd4 f3 25. Nxf3 Qf4 26. Re1 Be4 27. Qd4 c5 28. Qxe4 1-0

[Event "Early-Titled-Tuesday-Blitz-March-19-2024"]
[Site "Chess.com"]
[Date "2024.03.19"]
[Round "1"]
[White "Road2GM3000"]
[Black "vasblesk"]
[Result "0-1"]
[WhiteElo "2424"]
[BlackElo "2778"]
[TimeControl "180+1"]
[EndTime "8:06:31 PDT"]
[Termination "vasblesk won by resignation"]

1. d4 d5 2. c4 c6 3. Nc3 Nf6 4. cxd5 cxd5 5. Bf4 Nc6 6. e3 Bf5 7. Qb3 Na5 8. Qa4+ Bd7 9. Qd1 e6 10. Nf3 Rc8 11. Bd3 Bb4 12. Rc1 Nh5 13. Bg5 f6 14.
Bh4 g6 15. O-O Ng7 16. e4 Bxc3 17. bxc3 dxe4 18. Bxe4 g5 19. Bg3 f5 20. Be5 fxe4 21.
Bxg7 Rg8 22. Be5 exf3 23. Qxf3 Qe7 24. Rfe1 Qf7 25. Qe2 b5 26. d5 Nc4 27. dxe6 Bxe6 28. Bd4 Rg6 29. Rb1 a6 30. Rb4 Kf8 31. a4 bxa4 32.
Rxa4 Bd5 33. Qe5 Nxe5 0-1

[Event "Early-Titled-Tuesday-Blitz-March-19-2024"]
[Site "Chess.com"]
[Date "2024.03.19"]
[Round "1"]
[White "GothamChess"]
[Black "Chessbard1972"]
[Result "1-0"]
[WhiteElo "2682"]
[BlackElo "2340"]
[TimeControl "180+1"]
[EndTime "8:06:31 PDT"]
[Termination "GothamChess won by checkmate"]

1. d4 Nf6 2. Bg5 Ne4 3. h4 h6 4. Bf4 d5 5. e3 Bf5 6. g4 Bh7 7. Bd3 c5 8. f3 Nf6 9. Bxh7 Nxh7 10. c3 Qb6 11. Qb3 c4 12. Qc2 Nc6 13. Nd2 e6 14.
g5 O-O-O 15. b3 cxb3 16. axb3 Bd6 17. Bxd6 Rxd6 18. f4 Nf8 19. Ngf3 f6 20. gxf6 gxf6 21. Rg1 Rd7 22. b4 Kb8 23. Nb3 Re7 24. Nc5 Nd7 25. Kf2 e5 26. Qf5 Nxc5 27. dxc5 Qb5 28.
Qxf6 Rhe8 29. fxe5 Nxe5 30. Qd6+ Kc8 31. Rxa7 Nd3+ 32.
Kg2 Rg7+ 33. Kh2 Qa6 34. Rxg7 Qxa7 35. Qd7+ Kb8 36. Qxe8# 1-0

[Event "Early-Titled-Tuesday-Blitz-March-19-2024"]
[Site "Chess.com"]
[Date "2024.03.19"]
[Round "1"]
[White "DraningWaterHi"]
[Black "JiaHaoxiang"]
[Result "0-1"]
[WhiteElo "2223"]
[BlackElo "2617"]
[TimeControl "180+1"]
[EndTime "8:06:31 PDT"]
[Termination "JiaHaoxiang won by checkmate"]

1. d4 Nf6 2. c4 c5 3. d5 b5 4. cxb5 a6 5. bxa6 g6 6. Nc3 Bxa6 7. e4 Bxf1 8. Kxf1 d6 9. g3 Bg7 10. Kg2 O-O 11. Nf3 Nbd7 12. Qc2 Qa5 13. Bd2 Rfb8 14. Rhb1 Qa6 15. h3 Ne8 16. a4 Nc7 17. Ra3 Nb6 18. b3 Qb7 19. Rd1 Nd7 20. Be3 Qb4 21. Nb1 Ne5 22. Nxe5 Bxe5 23. f4 Bg7 24. Bd2 Qb7 25. Bc3 f5 26. Bxg7 Kxg7 27. exf5 Nxd5 28. Qb2+ Kg8 29.
Kh2 Ne3 30. Re1 Nxf5 31. Nd2 Qd5 32. Qc3 Rb4 33. Nc4 Nd4 34. Re3 Rf8 35. h4 e5 36.
fxe5 Rf2+ 37. Kh3 h5 38. Nxd6 Qh1# 0-1

[Event "Early-Titled-Tuesday-Blitz-March-19-2024"]
[Site "Chess.com"]
[Date "2024.03.19"]
[Round "1"]
[White "NikitaShnadrygin"]
[Black "agvania123"]
[Result "1/2-1/2"]
[WhiteElo "2724"]
[BlackElo "2403"]
[TimeControl "180+1"]
[EndTime "8:06:32 PDT"]
[Termination "Game drawn by repetition"]

1. Nf3 Nf6 2. g3 g6 3. Bg2 Bg7 4. O-O O-O 5. d4 d5 6. b3 c6 7. Bb2 Bf5 8. Nbd2 Nbd7 9. Ne5 Nxe5 10. dxe5 Ne4 11. e3 Nxd2 12. Qxd2 Qc7 13. f4 f6 14. exf6 Bxf6 15. Bxf6 exf6 16. Qd4 Rae8 17. c4 dxc4 18. Qxc4+ Qf7 19. Qd4 Qe7 20. Rfe1 Be4 21. Bxe4 Qxe4 22. Qxa7 Rd8 23. Re2 Rd3 24. Rae1 Rfd8 25. Qxb7 Rd1 26. Qc7 Rxe1+ 27. Rxe1 Rd2 28. Qc8+ Kg7 29.
Qh3 Rxa2 30. Qd7+ Kh6 31. Qh3+ Kg7 32. Qd7+ Kh6 33. Qh3+ Kg7 1/2-1/2

[Event "Early-Titled-Tuesday-Blitz-March-19-2024"]
[Site "Chess.com"]
[Date "2024.03.19"]
[Round "1"]
[White "jimmy-schlumpf"]
[Black "bescmelasti"]
[Result "1-0"]
[WhiteElo "2341"]
[BlackElo "2654"]
[TimeControl "180+1"]
[EndTime "8:06:33 PDT"]
[Termination "jimmy-schlumpf won by resignation"]

1. d4 Nf6 2. Nf3 e6 3. c4 c5 4. Nc3 cxd4 5. Nxd4 Nc6 6. g3 Qb6 7. Nc2 Ne5 8. b3 Bc5 9. Be3 Bxe3 10. Nxe3 Nfg4 11. Nxg4 Nxg4 12. e3 Ne5 13. Bg2 O-O 14.
O-O d6 15. Qd4 Qxd4 16. exd4 Nd7 17. Nb5 d5 18. cxd5 exd5 19. Nc7 Rb8 20. Nxd5 Rd8 21.
Rac1 Kf8 22. Ne3 Nf6 23. d5 b6 24. Rc7 Bb7 25. Rfc1 a5 26. Rd1 g6 27. d6 Bxg2 28. Kxg2 Ne4 29. Nc4 b5 30. Ne5 Kg8 31.
Nxf7 Rf8 32. d7 Rxf7 33. Rc8+ 1-0

[Event "Early-Titled-Tuesday-Blitz-March-19-2024"]
[Site "Chess.com"]
[Date "2024.03.19"]
[Round "1"]
[White "IMRosen"]
[Black "AlexandraSamaganova"]
[Result "1-0"]
[WhiteElo "2660"]
[BlackElo "2315"]
[TimeControl "180+1"]
[EndTime "8:06:35 PDT"]
[Termination "IMRosen won on time"]

1. d4 Nf6 2. Bf4 e6 3. e3 b6 4. Qf3 d5 5. Nc3 Bb7 6. O-O-O a6 7. g4 h6 8. h4 Bd6 9. g5 hxg5 10. hxg5 Rxh1 11.
Qxh1 Ng8 12. Qh8 Kf8 13. Bd3 g6 14. Nf3 Bxf4 15. exf4 Nd7 16. Rh1 Ke7 17. Rh7 Kd6 18. Rxf7 Ne7 19. Qh7 c5 20. Bxg6 Nxg6 21. Qxg6 Qg8 22.
Rg7 1-0

[Event "Early-Titled-Tuesday-Blitz-March-19-2024"]
[Site "Chess.com"]
[Date "2024.03.19"]
[Round "1"]
[White "AwareIdea"]
[Black "Kacparov"]
[Result "0-1"]
[WhiteElo "2521"]
[BlackElo "2923"]
[TimeControl "180+1"]
[EndTime "8:06:39 PDT"]
[Termination "Kacparov won by resignation"]

1. d4 Nf6 2. c4 e6 3. g3 Bb4+ 4. Bd2 a5 5. Bg2 O-O 6. Bxb4 axb4 7. a3 d6 8. Nf3 Nc6 9. O-O e5 10. d5 Ne7 11. Qb3 bxa3 12. Nxa3 Nf5 13. Rfd1 Qe7 14. h3 h5 15. e3 e4 16. Nd4 Nxd4 17. Rxd4 Bf5 18.
Rdd1 Nd7 19. Nb5 Nc5 20. Qc3 Qd7 21. Kh2 Nd3 22. Qd2 Ne5 23. Nd4 Nxc4 24. Qc2 Ne5 25. Nxf5 Qxf5 26. Bxe4 Qf6 27. Bg2 h4 28. g4 Qe7 29.
Kg1 Rfc8 30. Rxa8 Rxa8 31. Rc1 Rc8 32. f4 Nd7 33. Qc3 g6 34. b4 Ra8 35. Rc2 Nf6 36. Qd4 Ra3 37. Kf2 Ne8 38. g5 Qd7 39. Qe4 Ng7 40.
Re2 Nf5 41. Qf3 Qb5 42. Qe4 Qxe2+ 43. Kxe2 Ng3+ 44. Kf2 Nxe4+ 45. Bxe4 Rb3 0-1

[Event "Early-Titled-Tuesday-Blitz-March-19-2024"]
[Site "Chess.com"]
[Date "2024.03.19"]
[Round "1"]
[White "hitaman"]
[Black "Gryffindorac8"]
[Result "1-0"]
[WhiteElo "2712"]
[BlackElo "2360"]
[TimeControl "180+1"]
[EndTime "8:06:39 PDT"]
[Termination "hitaman won by resignation"]

1. e4 c5 2. Nf3 d6 3. d4 cxd4 4. Nxd4 Nf6 5. Nc3 a6 6. a4 e5 7. Nf3 Be7 8. Bg5 Be6 9. Bxf6 Bxf6 10. Nd5 Nd7 11. Bc4 O-O 12. O-O Nb6 13. Nxf6+ Qxf6 14. Bxe6 Qxe6 15. a5 Nd7 16. b3 Nc5 17. Re1 Rad8 18. Qe2 Qg6 19. Rad1 Ne6 20. g3 h6 21. Nh4 Qg5 22. Nf5 d5 23. h4 Qf6 24. Rxd5 Rxd5 25. exd5 Qxf5 26. dxe6 fxe6 27. Kg2 e4 28. Qd2 Qf3+ 29. Kg1 Kh8 30. Re3 Qf5 31. Qe1 Rc8 32. c4 Rd8 33. Rxe4 Qf3 34. Re3 Rd1 35. Rxf3 Rxe1+ 36. Kg2 Ra1 37. Rf7 Rxa5 38. Rxb7 Rc5 39. Rb6 e5 40. Rxa6 e4 41. Re6 Rc6 42. Rxc6 1-0

[Event "Early-Titled-Tuesday-Blitz-March-19-2024"]
[Site "Chess.com"]
[Date "2024.03.19"]
[Round "1"]
[White "SchmakAttack"]
[Black "chess_blitz00"]
[Result "1-0"]
[WhiteElo "2840"]
[BlackElo "2471"]
[TimeControl "180+1"]
[EndTime "8:06:42 PDT"]
[Termination "SchmakAttack won on time"]

1. Nf3 c5 2. b3 Nc6 3. Bb2 d6 4. c4 e6 5. Nc3 Nf6 6. d4 Be7 7. d5 exd5 8. cxd5 Nb8 9. Nd2 O-O 10.
e4 b6 11. Be2 Ba6 12. O-O Bxe2 13. Qxe2 Re8 14. Nc4 Bf8 15. a4 Na6 16. f4 Nb4 17.
Rad1 a6 18. e5 b5 19. axb5 axb5 20. Nxb5 Nfxd5 21. Qf3 dxe5 22. fxe5 Re7 23. Nbd6 Ra2 24. Nxf7 Qa8 25. Nfd6 Nc7 26. Qg4 Ne6 27. Nf5 Rb7 28. Nh6+ 1-0